 Dungeon Crawl Stone Soup version 0.30-a0-782-ge64f9170bb (webtiles) character file.

Game seed: 16198124236047373251

168 Barriton the Firebug (level 5, -5/38 HPs)
             Began as a Draconian Fire Elementalist on Feb 28, 2023.
             Slain by a gnoll
             ... wielding a +0 quarterstaff
             ... led by a gnoll bouda
              (10 damage)
             ... on level 3 of the Dungeon.
             The game lasted 00:07:01 (3733 turns).

Barriton the Firebug (Draconian Fire Elementalist)  Turns: 3733, Time: 00:07:02

Health: -5/38      AC:  5    Str: 10    XL:     5   Next: 24%
Magic:  1/9        EV: 12    Int: 18    God:
Gold:   208        SH:  0    Dex: 11    Spells: 6/9 levels left

rFire   . . .      SeeInvis .    j - staff of air
rCold   . . .      Faith    .    (no shield)
rNeg    . . .      Spirit   .    (body armour unavailable)
rPois   .          Reflect  .    (helmet restricted)
rElec   +          Harm     .    (no cloak)
rCorr   .          Rampage  .    (no gloves)
Will    .....                    (no boots)
Stlth   ++                       (no amulet)
HPRegen 0.26/turn                (no ring)
MPRegen 0.11/turn                (no ring)

@: weakened
A: AC +5, unfitting armour, cold-blooded
a: no special abilities


You were on level 3 of the Dungeon.
You visited 1 branch of the dungeon, and saw 3 of its levels.

You collected 208 gold pieces.

Inventory:

Magical Staves
 j - a staff of air (weapon)
Scrolls
 b - 3 scrolls of blinking
 f - a scroll of amnesia
 l - 3 scrolls of teleportation
 o - a scroll of enchant weapon
 p - 2 scrolls of identify
 q - a scroll of poison {unknown}
Potions
 a - a potion of magic
 c - a potion of haste
 g - a potion of cancellation {unknown}
 h - a potion of curing
 i - 3 potions of attraction {unknown}
 m - a potion of resistance {unknown}
 n - a potion of berserk rage {unknown}


   Skills:
 + Level 0.2 Fighting
 + Level 0.4 Staves
 + Level 2.0 Dodging
 + Level 2.0 Stealth
 + Level 2.8 Spellcasting
 + Level 2.3 Conjurations
 + Level 4.7 Fire Magic


You had 6 spell levels left.
You knew the following spells:

 Your Spells              Type           Power      Damage    Failure   Level
a - Foxfire               Conj/Fire      60%        2x1d7     4%          1
b - Scorch                Fire           38%        2d7       3%          2

Your spell library contained the following spells:

 Spells                   Type           Power      Damage    Failure   Level
 Inner Flame              Hex/Fire       11%        N/A       19%         3
 Sublimation of Blood     Necr           2%         N/A       26%         2
 Wereblood                Tmut           2%         N/A       26%         2
 Kindle Blastsparks       Fire/Tloc/Air  24%        2d12      26%         3
 Flame Wave               Conj/Fire      15%        2d7       36%         4
 Summon Lightning Spire   Summ/Air       3%         N/A       86%         4
 Storm Form               Tmut/Air       1%         N/A       100%        7
 Summon Hydra             Summ           1%         N/A       100%        7
 Maxwell's Capacitive Co  Air            1%         ∞         100%        8


Dungeon Overview and Level Annotations

Branches:
Dungeon (3/15)

Altars:
Vehumet

Shops:
D:3 [


Innate Abilities, Weirdness & Mutations

Your plain brown scales are hard. (AC +5)
You cannot fit into any form of body armour.
You are cold-blooded and may be slowed by cold attacks.


Message History

There is a faded altar of an unknown god here.
Okay, then.
Casting: Foxfire (safe; 4% risk of failure)
Confirm with . or Enter, or press ? or * to list all spells.
Flames lash the gnoll.
The gnoll is heavily wounded.
The gnoll's fire resistance burns away.
The gnoll is no longer moving quickly.
The gnoll bouda barks out a call to the hunt!
The gnoll picks up the pace!
The gnoll barely misses you.
Casting: Scorch (safe; 3% risk of failure)
Confirm with . or Enter, or press ? or * to list all spells.
Flames lash the gnoll.
The gnoll is burned terribly!
You kill the gnoll!
The gnoll bouda gazes fiercely through you!
You feel your attacks grow feeble. The gnoll hits you but does no damage.
Casting: Scorch (safe; 3% risk of failure)
Confirm with . or Enter, or press ? or * to list all spells.
Flames lash the gnoll.
The gnoll is moderately wounded.
The gnoll's fire resistance burns away.
The gnoll bouda gazes fiercely through you!
You feel as though you will be weak longer.
The gnoll closely misses you.
Casting: Scorch (safe; 3% risk of failure)
Confirm with . or Enter, or press ? or * to list all spells.
Flames lash the gnoll.
The gnoll is burned terribly!
The gnoll is severely wounded.
You feel your willpower return.
The gnoll drinks a potion.
The gnoll is healed!
Casting: Scorch (safe; 3% risk of failure)
Confirm with . or Enter, or press ? or * to list all spells.
You don't have enough magic to cast this spell.
The gnoll hits you with a +0 quarterstaff!
* * * LOW HITPOINT WARNING * * *
The gnoll attacks as you move away! The gnoll closely misses you.
The gnoll attacks as you move away!
The gnoll hits you with a +0 quarterstaff!
You die...

.### #......# ...# ######.#
.#.############# #.#
##.##..........# #.#
##.##.########.# #.# ##.##.#
#.# #.######### #...#.#####
#.# #.........#
..........####.###########.#
#...#.......)g_g@.# #...#
##.##..##.####.##.# #.###
###...>##.# #.##.# #.#
..###.###.# #.##.# #.#
...##.###.####.##.### #.#
...##...........#...# #.#
..#############.###.# #.#
#†#..## #.# #.# #.# ##†...#
#.# #.# #.######


You could see a gnoll bouda and a gnoll (swift, combustible).

Vanquished Creatures
  5 gnolls (D:3)
  3 adders
  4 worms
  2 dart slugs
  3 orcs (D:3)
  7 ball pythons
  9 endoplasms
  3 giant cockroaches
  2 hobgoblins
  4 jackals (D:2)
  4 kobolds
  5 quokkas
  5 bats
  5 frilled lizards
  7 goblins
  5 rats
73 creatures vanquished.

Vanquished Creatures (others)
  178 foxfires
  16 plants (D:3)
194 creatures vanquished.

Grand Total: 267 creatures vanquished

Notes
Turn   | Place    | Note
-------+----------+-------------------------------------------
     0 | D:1      | Barriton the Draconian Fire Elementalist began the quest
                  | for the Orb.
     0 | D:1      | Reached XP level 1. HP: 14/14 MP: 3/3
   353 | D:1      | Reached XP level 2. HP: 20/20 MP: 0/5
   418 | D:1      | Learned a level 2 spell: Scorch
  1525 | D:2      | Reached XP level 3. HP: 26/26 MP: 4/6
  1796 | D:2      | Reached skill level 4 in Fire Magic
  2187 | D:2      | Reached XP level 4. HP: 33/33 MP: 2/7
  2605 | D:3      | Found a faded altar of an unknown god.
  2782 | D:3      | Found a radiant altar of Vehumet.
  3321 | D:3      | Reached XP level 5. HP: 38/38 MP: 1/8
  3456 | D:3      | Found Inouwas's Antique Armour Emporium.
  3733 | D:3      | Slain by a gnoll

Illustrated notes

Levels and vault maps discovered:
D:1:      dpeg_arrival_signposts, layout_basic, minmay_cupped
D:2:      layout_loops_ring
D:3:      minmay_bubble_buster, layout_loops_ring, mainiacjoe_overflow_alcove_2,
          serial_shops, shop, basic_ecumenical_altar, nicolae_grassy_gnolls

Skill      XL: |  1  2  3  4 |
---------------+-------------+-----
Fire Magic     | 4 |  4.7
Conjurations   | 2 |  2.3
Dodging        | 2 |  2.0
Stealth        | 2 |  2.0
Fighting       | |  0.2
Staves         | |  0.4
Spellcasting   | |  2.8

Action                     |  1- 3 |  4- 6 || total
---------------------------+-------+-------++-------
  Melee: Unarmed           |    31 |       ||    31
         Tailslap          |     7 |     5 ||    12
         Staff             |    13 |    28 ||    41
   Cast: Foxfire           |    86 |    31 ||   117
         Scorch            |     2 |    23 ||    25
    Use: Scroll            |     4 |     7 ||    11
         Potion            |       |     1 ||     1
 Armour: Skin              |    33 |    14 ||    47
  Dodge: Dodged            |    46 |    41 ||    87

Table legend: (Time is in decaauts)
 A = Elapsed time spent in this place.
 B = Non-inter-level travel time spent in this place.
 C = Inter-level travel time spent in this place.
 D = Time resting spent in this place.
 E = Time spent auto-exploring this place.
 F = Levels seen in this place.
 G = Mean time per level.
                   A        B        C        D        E       F      G
               +--------+--------+--------+--------+--------+-----+--------+
         Total |   3739 |   3620 |    119 |      0 |   3087 |   3 | 1246.3 |
       Dungeon |   3739 |   3620 |    119 |      0 |   3087 |   3 | 1246.3 |
               +--------+--------+--------+--------+--------+-----+--------+

Top non-repeatable levels by time:
     D:2: 1288 daAuts
     D:3: 1266 daAuts
     D:1: 1184 daAuts
